 Dungeon Crawl Stone Soup version 0.18-a0-1643-gb89d9db (webtiles) character file.

590 Omaping the Cleaver (level 7, -8/61 HPs)
             Began as a Hill Orc Fighter on Mar 28, 2016.
             Was a Follower of Trog.
             Mangled by an ogre
             ... wielding a +0 giant club
              (19 damage)
             ... on level 4 of the Dungeon.
             The game lasted 00:15:43 (3991 turns).

Omaping the Cleaver (Hill Orc Fighter)              Turns: 3991, Time: 00:15:44

Health: -8/61      AC: 10    Str: 21    XL:     7   Next: 38%
Magic:  7/7        EV:  5    Int:  8    God:    Trog [*.....]
Gold:   183        SH:  9    Dex: 10    Spells: 0 memorised, 6 levels left

rFire  . . .     SeeInvis .     a - +1 war axe
rCold  . . .     Gourm    .     B - +0 chain mail
rNeg   . . .     Faith    .     c - +0 shield
rPois  .         Spirit   .     (no helmet)
rElec  .         Dismiss  .     u - +0 cloak
rCorr  .         Reflect  .     (no gloves)
SustAt .         Harm     .     (no boots)
MR     .....                    (no amulet)
Stlth  ..........               (no ring)
                                (no ring)

@: not resistant to hostile enchantments, extremely unstealthy
A: no striking features
a: Berserk, Burn Spellbooks, Renounce Religion


You were on level 4 of the Dungeon.
You worshipped Trog.
Trog was aware of your devotion.
You were not hungry.

You visited 1 branch of the dungeon, and saw 4 of its levels.

You collected 183 gold pieces.

Inventory:

Hand Weapons
 a - a +1 war axe (weapon)
 l - a +0 hand axe
Missiles
 d - 26 arrows of frost
Armour
 c - a +0 shield (worn)
 n - a +0 cloak
 u - a +0 cloak (worn)
 B - a +0 chain mail (worn)
Wands
 w - a wand of flame (19/48)
 y - a wand of enslavement (9/24)
Scrolls
 e - 5 scrolls of identify
 g - 2 scrolls of fear
 i - 3 scrolls of enchant weapon
 o - a scroll of magic mapping
 r - a scroll of blinking {unknown}
 v - a scroll of immolation {unknown}
 A - a scroll of remove curse
Potions
 b - a potion of beneficial mutation {unknown}
 h - a potion of haste {unknown}
 j - a potion of magic {unknown}
 q - a potion of mutation {unknown}
 s - 2 potions of curing {unknown}
 t - 2 potions of heal wounds {unknown}
 x - a potion of flight {unknown}
Comestibles
 f - 4 bread rations
 k - 3 meat rations
 m - 3 chunks of flesh


   Skills:
 + Level 5.0 Fighting
 * Level 9.0 Axes
 + Level 4.4 Armour
 - Level 3.2 Shields


You had 6 spell levels left.
You didn't know any spells.

Dungeon Overview and Level Annotations

Branches:
Dungeon (4/15)
 Temple: D:4-7

Altars:
Makhleb
Nemelex Xobeh
Okawaru
Trog
Vehumet
Xom
The Shining One

Annotations:
D:2 Sigmund


Message History

You barely miss the ogre.
The ogre is heavily wounded.
The ogre barely misses you.
You hit the ogre.
The ogre is heavily wounded.
The ogre hits you with a giant club!
* * * LOW HITPOINT WARNING * * *
You are too injured to fight recklessly!
You are too injured to fight recklessly!
You are too injured to fight recklessly!
You are too injured to fight recklessly!
Your chain mail prevents you from hitting the ogre.
The ogre is heavily wounded.
The ogre hits you but does no damage.
You hit the ogre.
The ogre is heavily wounded.
You hit the ogre.
The ogre is severely wounded.
The ogre hits you with a giant club!!
You die...

######.###'##....##..#####
#............######.##
#....................#
######'##..##....##......#
##......##..##....##.....##
#........#........##......#
#........#.........#.."....
#####.###'###...#....##.....##
##..##.###.#*#@#########.....#,
#.......)..#..O.# #......#.
#..........#....# ##..##.#.
#..........#....# ####..#.
#..........#....# #..#.
#..........#....# #..#.
##..##.#######.##** #..#,
#####'## #..,,* #..## #...#
*,,,** ##...


You could see an ogre.

Vanquished Creatures
  A black bear (D:3)
  An ogre (D:4)
  2 hounds (D:4)
  An orc priest (D:4)
  An orc wizard (D:3)
  Crazy Yiuf (D:4)
  Jessica (D:2)
  Ijyb (D:3)
  2 worker ants (D:4)
  A worker ant zombie (D:3)
  3 adders
  A howler monkey skeleton (D:4)
  An ooze (D:1)
  An adder skeleton (D:4)
  3 worms
  2 dart slugs
  2 giant geckos
  9 orcs
  9 bats
  4 giant cockroaches
  7 goblins
  7 hobgoblins
  3 jackals (D:2)
  A quokka (D:2)
  3 ball pythons
  10 giant newts
  7 kobolds
  37 rats
122 creatures vanquished.

Notes
Turn   | Place    | Note
--------------------------------------------------------------
     0 | D:1      | Omaping the Hill Orc Fighter began the quest for the Orb.
     0 | D:1      | Reached XP level 1. HP: 19/19 MP: 1/1
    84 | D:1      | Reached skill level 3 in Axes
    87 | D:1      | Reached XP level 2. HP: 26/26 MP: 2/2
   293 | D:1      | Reached skill level 4 in Axes
   582 | D:1      | Reached XP level 3. HP: 31/31 MP: 3/3
   843 | D:2      | Reached skill level 5 in Axes
   885 | D:2      | Noticed Sigmund
  1145 | D:2      | Reached XP level 4. HP: 39/39 MP: 4/4
  1299 | D:2      | Found an iron altar of Okawaru.
  1551 | D:2      | Reached skill level 6 in Axes
  1822 | D:2      | Found a glowing golden altar of the Shining One.
  1822 | D:2      | Found a shimmering altar of Xom.
  1828 | D:2      | Found a burning altar of Makhleb.
  1830 | D:2      | Found a bloodstained altar of Trog.
  1834 | D:2      | Found a radiant altar of Vehumet.
  1835 | D:2      | Found a sparkling altar of Nemelex Xobeh.
  1838 | D:2      | Became a worshipper of Trog the Wrathful
  1884 | D:2      | Noticed Jessica
  1887 | D:2      | Killed Jessica
  1887 | D:2      | Reached XP level 5. HP: 45/45 MP: 5/5
  2144 | D:3      | Reached skill level 7 in Axes
  2510 | D:3      | Noticed a black bear
  2518 | D:3      | Killed a black bear
  2518 | D:3      | Reached XP level 6. HP: 29/52 MP: 6/6
  2690 | D:3      | Noticed Ijyb
  2706 | D:3      | Killed Ijyb
  2706 | D:3      | Reached skill level 8 in Axes
  2911 | D:4      | Reached XP level 7. HP: 24/60 MP: 7/7
  3102 | D:4      | Reached * piety under Trog
  3400 | D:4      | Found a radiant altar of Vehumet.
  3416 | D:4      | Reached skill level 5 in Fighting
  3520 | D:4      | Noticed Crazy Yiuf
  3527 | D:4      | Killed Crazy Yiuf
  3825 | D:4      | Reached skill level 9 in Axes
  3991 | D:4      | Mangled by an ogre

Vault maps used:
D:1:      dpeg_arrival_three_bigger_balls, minmay_lizard_king
D:2:      marbit_many_paths, minitemple, minmay_rats_cheesy_pizza, uniq_jessica,
          uniq_sigmund, uniq_robin
D:3:      first_bread, uniq_iyjb
D:4:      lemuel_tele_altar, uniq_crazy_yiuf_cottage

Skill      XL: |  1  2  3  4  5  6  7 |
---------------+----------------------+-----
Axes           | 3 4 5 6 7 8 9 |  9.0
Fighting       | 4 5 |  5.0
Armour         | 4 |  4.4
Shields        | |  3.2

Action                   |  1- 3 |  4- 6 |  7- 9 || total
-------------------------+-------+-------+-------++-------
Melee: War axe           |   137 |   193 |    70 ||   400
  Use: Potion            |       |     1 |       ||     1
       Scroll            |       |       |     5 ||     5
  Eat: Chunk             |     1 |     4 |     1 ||     6
       Pizza             |       |     1 |     1 ||     2
       Beef jerky        |       |     1 |       ||     1
